 Dungeon Crawl Stone Soup version 0.28-a0-258-g8de209e91f (console) character file.

Game seed: 5063036913483952459

254053 jejorda2 the Phalangite (level 19, -15/152 HPs)
             Began as a Merfolk Berserker on Aug 26, 2021.
             Was the Champion of Trog.
             Killed from afar by an ironbound frostheart (32 damage)
             ... by creeping frost
             ... on level 1 of the Vaults.
             The game lasted 02:02:53 (41434 turns).

jejorda2 the Phalangite (Merfolk Berserker)        Turns: 41434, Time: 02:02:53

Health: -15/152    AC: 32    Str: 24    XL:     19   Next: 74%
Magic:  19/19      EV: 23    Int:  7    God:    Trog [******]
Gold:   263        SH:  0    Dex: 20    Spells: 18/18 levels left

rFire   . . .      SeeInvis +   a - +3 bardiche (freeze)
rCold   + . .      Faith    +   (shield currently unavailable)
rNeg    . . .      Spirit   .   k - +10 plate armour of Himpole {Str+3 Slay+3}
rPois   +          Reflect  .   C - +2 helmet
rElec   +          Harm     +   y - +2 cloak {rC+}
rCorr   .          Rampage  +   D - +0 pair of gloves of Odiepn {Harm *Corrode rElec Slay+6}
Will    +....                   Y - +2 pair of boots {rampage}
Stlth   ..........              z - amulet of faith
HPRegen 0.35/turn               H - +4 ring of evasion
MPRegen 0.16/turn               q - ring "Umohat" {rPois AC+4 Str+3 SInv}

@: frozen, corroded, studying Staves, very slow
A: (nimble swimmer 2), mertail, deformed body
}: 2/15 runes: barnacled, gossamer
a: Renounce Religion, Berserk, Trog's Hand, Brothers in Arms


You were on level 1 of the Vaults.
You worshipped Trog.
Trog was exalted by your worship.
You visited 6 branches of the dungeon, and saw 32 of its levels.
You also visited: Bailey, Gauntlet and Ice Cave.

You collected 3543 gold pieces.
You spent 3280 gold pieces at shops.

Inventory:

Hand Weapons
 a - a +3 bardiche of freezing (weapon)
 b - a +2 antimagic bardiche
Missiles
 d - 1203 stones
 m - 115 boomerangs
 r - 40 javelins (quivered)
 w - 8 boomerangs of dispersal
 x - 7 silver javelins
 E - 8 silver boomerangs
 G - 4 curare-tipped darts
 J - 65 poisoned darts
Armour
 k - the +10 plate armour of Himpole (worn) {Str+3 Slay+3}
   (You bought it in a shop on level 2 of the Orcish Mines)

   Str:       It affects your strength (+3).
   Slay:      It affects your accuracy & damage with ranged weapons and melee
   (+3).
 y - a +2 cloak of cold resistance (worn)
 C - a +2 helmet (worn)
 D - the +0 pair of gloves of Odiepn (worn) {Harm *Corrode rElec Slay+6}
   (You found it in a Gauntlet)

   Slay:      It affects your accuracy & damage with ranged weapons and melee
   (+6).
   rElec:     It insulates you from electricity.
   *Corrode:  It may corrode you when you take damage.
   Harm:      It increases damage dealt and taken.
 Y - a +2 pair of boots of rampaging (worn)
Jewellery
 c - a ring of positive energy
 q - the ring "Umohat" (right hand) {rPois AC+4 Str+3 SInv}
   (You bought it in a shop on level 2 of the Orcish Mines)

   [ring of protection]

   AC:        It affects your AC (+4).
   Str:       It affects your strength (+3).
   rPois:     It protects you from poison.
   SInv:      It lets you see invisible.
 z - an amulet of faith (around neck)
 A - a ring of flight
 H - a +4 ring of evasion (left hand)
 N - a ring of protection from cold
Wands
 n - a wand of iceblast (48)
 s - a wand of flame (51)
 t - a wand of polymorph (19)
 P - a wand of acid (8)
 V - a wand of charming (14)
Scrolls
 i - 9 scrolls of teleportation
 o - 8 scrolls of fog
 I - 3 scrolls of blinking
 K - 4 scrolls of immolation
 S - 4 scrolls of holy word
 T - 5 scrolls of fear
 U - a scroll of summoning
Potions
 e - 3 potions of attraction
 f - 3 potions of magic
 g - 6 potions of cancellation
 h - 12 potions of curing
 j - 3 potions of resistance
 l - 4 potions of ambrosia
 p - 3 potions of might
 u - 3 potions of flight
 v - 7 potions of lignification
 B - 4 potions of haste
 F - 3 potions of mutation
 L - 3 potions of invisibility
 Q - 4 potions of heal wounds
 X - a potion of berserk rage
Miscellaneous
 M - a lightning rod (4/4)


   Skills:
 + Level 14.0 Fighting
 - Level 26.0 Polearms
 * Level 12.9 Throwing
 + Level 11.1 Armour
 + Level 21.1 Dodging
 - Level 8.0 Evocations


You had 18 spell levels left.
You didn't know any spells.
Your spell library contained the following spells:

 Spells                   Type           Power      Damage    Failure   Level
 Ignite Poison            Fire/Tmut/Pois 0%         N/A       100%        3
 Sticky Flame             Conj/Fire      0%         2d3       100%        4
 Bolt of Magma            Conj/Fire/Erth 0%         4d4       100%        5
 Iron Shot                Conj/Erth      0%         9d1       100%        6


Dungeon Overview and Level Annotations

Branches:
Dungeon (15/15)            Temple (0/1) D:5            Lair (6/6) D:11
 Shoals (4/4) Lair:3       Spider (4/4) Lair:3        Slime (0/5) Lair:5
    Orc (2/2) D:9             Elf (0/3) Orc:2        Vaults (1/5) D:14
 Depths (0/5) D:15         Bailey (visited)           IceCv (visited)
Gauntlet (visited)

Altars:
Dithmenos
Ru
Trog
Jiyva

Shops:
D:1 [   D:8 [([?   Orc:2 *[[[=   Shoals:3 :

Portals:
Trove: D:15 (give 7 scrolls of fear)

Annotations:
Lair:5 1 runed translucent door
Orc:1 2 transporters, Spaninq's ghost, journeyman DrMo


Innate Abilities, Weirdness & Mutations

((You are quick and stealthy near water. (Stealth+, EV+, Speed+++)))
Your lower body shifts to a powerful aquatic tail in water.
Armour fits poorly on your strangely shaped body.


Message History

The deep troll barely misses you.
The ironbound preserver hits you but does no damage.
You hit the ironbound preserver. You freeze the ironbound preserver.
The ironbound preserver is severely wounded.
The deep troll closely misses you. The deep troll misses you.
The deep troll claws you!
You hit the ironbound preserver but do no damage.
The ironbound preserver is severely wounded.
The deep troll closely misses you.
The deep troll claws you but does no damage.
The deep troll claws you!
* * * LOW HITPOINT WARNING * * *
The ironbound preserver barely misses you.
You slash the ironbound preserver! You freeze the ironbound preserver!
You kill the ironbound preserver!
Trog accepts your kill.
Trog appreciates your killing of a magic user.
The deep troll barely misses you. The deep troll claws you!
* * * LOW HITPOINT WARNING * * *
The deep troll claws you but does no damage.
The deep troll bites you but does no damage.
The deep troll closely misses you.
The deep troll claws you but does no damage.
The ironbound convoker begins to recite a word of recall!
You hit the ironbound frostheart.
The ironbound frostheart is lightly wounded.
The deep troll bites you!
* * * LOW HITPOINT WARNING * * *
Your corrosive artefact corrodes you!
The deep troll misses you. The deep troll closely misses you.
Unknown command.
The ironbound frostheart calls freezing cold from the walls.
The frost grips you but does no damage.
You are encased in ice.
The deep troll closely misses you. The deep troll barely misses you. x2
You hit the deep troll. You freeze the deep troll.
The deep troll is lightly wounded.
The ironbound frostheart calls freezing cold from the walls.
The frost grips you!! You partially resist.
You die...

#....+..'....#
#.
#....#..#....#
#.
#...##..##...#
#.
##'##....##+##
##
#............#
#
#............#
#
##'##....##+##
+
#...##..##..)#
+
#....#.@#T...#
#
#....+..TpTp.#
#..#
#....#..#T...#
#..#
##############
#..# ...# ...#
## #


You could see an ironbound frostheart (strong), 3 deep trolls and an ironbound
convoker (chanting recall).

Vanquished Creatures
  Bai Suzhen (Spider:3)
  Nikola (Shoals:3)
  Arachne (Spider:4)
  Rupert (D:15)
  Gastronok (Lair:3)
  Agnes (D:15)
  4 emperor scorpions (Spider:4)
  2 frost giants (IceCv)
  5 ghost moths
  The ghost of Efeguoh the Unseen, an adept SpEn of Kikubaaqudgha (Spider:2)
  2 ironbound preservers (Vaults:1)
  A minotaur (Gauntlet)
  An entropy weaver (Spider:4)
  A white draconian (IceCv)
  The ghost of Maimakterion the Basher, a journeyman DrBe of Trog (D:14)
  5 merfolk impalers
  Josephine (Lair:4)
  An ironbound thunderhulk (Vaults:1)
  A merfolk javelineer (Shoals:4)
  2 yaktaur captains (Vaults:1)
  An ice dragon (IceCv)
  A ghost crab (Spider:3)
  3 merfolk avatars (Shoals:4)
  2 rakshasas (D:15)
  13 hydras
  3 catoblepae (Lair:6)
  3 boulder beetles
  An ogre mage (D:15)
  A vault guard (D:14)
  3 centaur warriors
  Erica (D:10)
  2 tengu warriors (D:14)
  2 alligator snapping turtles
  6 merfolk aquamancers
  4 two-headed ogres
  5 death yaks (Lair:6)
  Urug (Lair:4)
  6 orc high priests (Orc:2)
  12 sea snakes
  4 deep trolls (Vaults:1)
  2 glowing orange brains
  An orange crystal statue (IceCv)
  A wizard (Vaults:1)
  2 necromancers (D:14)
  8 orc knights
  A spectral wolf spider (Gauntlet)
  18 harpies
  16 orb spiders
  29 wolf spiders
  2 deep elf pyromancers
  28 ugly things
  3 oklob plants
  22 fauns
  An orc sorcerer (Orc:2)
  6 moths of wrath
  15 cyclopes
  17 manticores
  A spectral centaur (Gauntlet)
  6 elephants
  4 black mambas
  8 merfolk sirens
  2 vault sentinels (Vaults:1)
  7 water nymphs
  A gargoyle (D:13)
  16 cane toads
  4 torpor snails
  5 komodo dragons
  3 kobold demonologists (D:10)
  2 efreet
  10 demonic crawlers
  A yaktaur (D:14)
  15 rime drakes
  5 trolls
  16 merfolk
  6 meliai (D:15)
  6 wind drakes
  A wolf spider simulacrum (Gauntlet)
  A wind drake (shapeshifter) (D:13)
  9 hornets
  4 tyrant leeches (Spider:3)
  43 jumping spiders
  19 polar bears
  21 blink frogs
  A blink frog (shapeshifter) (D:15)
  13 dream sheep
  7 slime creatures
  7 snapping turtles
  85 redbacks
  A centaur simulacrum (Gauntlet)
  2 shadows
  37 tarantellas
  53 yaks
  21 humans (D:14)
  A vampire (D:10)
  12 water elementals
  2 wyverns
  6 basilisks
  7 wraiths
  A human (shapeshifter) (D:15)
  14 vampire mosquitoes
  3 steam dragons
  2 acid dragons (Gauntlet)
  6 wargs
  13 water moccasins
  5 ice beasts
  53 orc warriors
  2 black bears
  21 centaurs
  16 wolves
  7 ogres
  2 kobold brigands (D:10)
  10 bullfrogs
  4 scorpions
  A hornet simulacrum (D:8)
  5 wights (D:6)
  2 howler monkeys
  4 electric eels
  6 centaur zombies
  A jelly (D:4)
  28 orc priests
  A centaur skeleton (D:7)
  2 hounds
  Jessica (D:3)
  3 iguanas (D:6)
  28 orc wizards
  A killer bee simulacrum (D:8)
  7 gnolls
  6 adders
  A shadow imp (D:7)
  2 white imps (D:8)
  A howler monkey simulacrum (D:8)
  An ufetubus (D:8)
  A worm (D:2)
  5 dart slugs
  103 orcs
  4 endoplasms
  4 giant cockroaches
  12 goblins
  6 hobgoblins
  7 kobolds
  3 quokkas
  12 ball pythons
  7 bats
  6 frilled lizards
  2 rats (D:1)
1183 creatures vanquished.

Vanquished Creatures (collateral kills)
  A death drake (Gauntlet)
  A wolf spider (Spider:4)
  3 fauns
  An oklob plant (Lair:1)
  A merfolk (Shoals:4)
  A jumping spider (Spider:4)
  A hornet (Spider:4)
  A snapping turtle (Shoals:3)
  A tarantella (Spider:4)
  2 redbacks
  2 yaks (D:10)
  An orc priest (D:10)
  4 orcs
20 creatures vanquished.

Vanquished Creatures (others)
  A rime drake (IceCv)
  A tyrant leech (Spider:3)
  A vampire (D:12)
  An orc (Bailey)
  12 fungi
  151 plants
167 creatures vanquished.

Grand Total: 1370 creatures vanquished

Notes
Turn   | Place    | Note
-------+----------+-------------------------------------------
     0 | D:1      | jejorda2 the Merfolk Berserker began the quest for the Orb.
     0 | D:1      | Reached XP level 1. HP: 18/18 MP: 1/1
   208 | D:1      | Found Ubirot's Antique Armour Shoppe.
   255 | D:1      | Reached XP level 2. HP: 24/24 MP: 2/2
   546 | D:1      | Reached skill level 5 in Polearms
   646 | D:1      | Reached XP level 3. HP: 25/29 MP: 3/3
   840 | D:1      | Reached ** piety under Trog
  2018 | D:2      | Reached XP level 4. HP: 33/37 MP: 4/4
  2542 | D:3      | Found a faded altar of an unknown god.
  2726 | D:3      | Noticed Jessica
  2735 | D:3      | Killed Jessica
  2736 | D:3      | Reached skill level 6 in Polearms
  2838 | D:3      | Noticed a centaur
  2855 | D:3      | Killed a centaur
  2856 | D:3      | Reached XP level 5. HP: 6/42 MP: 1/5
  3354 | D:3      | Reached XP level 6. HP: 48/48 MP: 2/6
  3438 | D:3      | Reached skill level 7 in Polearms
  3794 | D:4      | You fall into a shaft and drop 1 floor!
  3794 | D:5      | Entered Level 5 of the Dungeon
  3890 | D:5      | Reached *** piety under Trog
  4235 | D:4      | Reached skill level 8 in Polearms
  4235 | D:4      | Reached skill level 5 in Dodging
  4235 | D:4      | Reached XP level 7. HP: 55/55 MP: 7/7
  4501 | D:4      | Found a shadowy altar of Dithmenos.
  5128 | D:5      | Reached skill level 5 in Fighting
  5327 | D:5      | Noticed a yak
  5327 | D:5      | Noticed a yak
  5327 | D:5      | Noticed a yak
  5340 | D:5      | Killed a yak
  5341 | D:5      | Noticed a yak
  5341 | D:5      | Noticed a yak
  5345 | D:5      | Killed a yak
  5346 | D:5      | Reached skill level 9 in Polearms
  5346 | D:5      | Reached XP level 8. HP: 63/63 MP: 8/8
  5349 | D:5      | Killed a yak
  5360 | D:5      | Killed a yak
  5365 | D:5      | HP: 1/64 [yak (5)]
  5367 | D:5      | Killed a yak
  5368 | D:5      | Reached skill level 10 in Polearms
  5784 | D:5      | Found a staircase to the Ecumenical Temple.
  5923 | D:1      | Bought a runed chain mail for 172 gold pieces
  6025 | D:5      | Identified a scroll of acquirement
  6025 | D:5      | Acquired a +1 bardiche of freezing
  6172 | D:6      | Reached skill level 11 in Polearms
  6172 | D:6      | Reached XP level 9. HP: 69/69 MP: 9/9
  6191 | D:6      | Reached skill level 12 in Polearms
  6429 | D:6      | Reached **** piety under Trog
  6850 | D:7      | Reached skill level 13 in Polearms
  7757 | D:1      | Bought a glowing ring mail for 161 gold pieces
  7953 | D:8      | Reached skill level 14 in Polearms
  7965 | D:8      | Found Ytuxt's Magic Scroll Boutique.
  7973 | D:8      | Bought a scroll of fog for 30 gold pieces
  7981 | D:8      | Reached XP level 10. HP: 76/76 MP: 10/10
  8175 | D:8      | Reached skill level 15 in Polearms
  8397 | D:8      | Acquired a manual of Dodging
  8438 | D:8      | Found Noisum's Antique Weapon Boutique.
  8480 | D:8      | Found Xapur's Armour Boutique.
  8859 | D:8      | Found Saedgh's Antique Armour Emporium.
  9316 | D:9      | Reached skill level 10 in Dodging
  9536 | D:9      | Reached ***** piety under Trog
  9661 | D:9      | Reached skill level 16 in Polearms
  9740 | D:9      | Found a staircase to the Orcish Mines.
  9894 | D:10     | Entered Level 10 of the Dungeon
  9894 | D:10     | Found a flagged portal.
  9907 | D:10     | Noticed a two-headed ogre
  9909 | Bailey   | Entered a bailey
 10182 | Bailey   | Received a gift from Trog
 10255 | Bailey   | Reached skill level 17 in Polearms
 10255 | Bailey   | Reached XP level 11. HP: 81/81 MP: 11/11
 10811 | D:10     | Killed a two-headed ogre
 11259 | D:10     | Noticed Erica
 11296 | D:10     | Killed Erica
 11297 | D:10     | Reached skill level 18 in Polearms
 11552 | D:10     | Noticed a two-headed ogre
 11563 | D:10     | Killed a two-headed ogre
 11839 | D:10     | Noticed a sun demon
 11843 | D:10     | Noticed a sun demon
 12035 | D:11     | Reached skill level 19 in Polearms
 12327 | D:11     | Noticed a boulder beetle
 12350 | D:11     | Killed a boulder beetle
 12351 | D:11     | Reached skill level 15 in Dodging
 12370 | D:11     | Reached XP level 12. HP: 87/88 MP: 12/12
 12402 | D:11     | Found a staircase to the Lair.
 12980 | D:11     | Reached skill level 20 in Polearms
 13504 | D:12     | Identified the +2 quarterstaff "Backscratcher" {vamp, SInv}
 13968 | D:12     | Noticed a four-headed hydra
 13982 | D:12     | Killed a four-headed hydra
 14203 | Lair:1   | Entered Level 1 of the Lair of Beasts
 14223 | Lair:1   | Found a gate leading to a gauntlet.
 14239 | Gauntlet | Entered a Gauntlet
 14239 | Gauntlet | Found a transporter.
 14239 | Gauntlet | Found a transporter.
 14286 | Gauntlet | Found a transporter.
 14287 | Gauntlet | Found a runed translucent door.
 14287 | Gauntlet | Found a runed translucent door.
 14298 | Gauntlet | Found a transporter.
 14316 | Gauntlet | Found a transporter.
 14316 | Gauntlet | Found a transporter.
 14316 | Gauntlet | Found a transporter.
 14318 | Gauntlet | Found a transporter.
 14318 | Gauntlet | Found a transporter.
 14337 | Gauntlet | Found a transporter.
 14348 | Gauntlet | Found a transporter.
 14358 | Gauntlet | Found a transporter.
 14372 | Gauntlet | Found a transporter.
 14392 | Gauntlet | Found a transporter.
 14667 | Gauntlet | Reached skill level 1 in Evocations
 14669 | Gauntlet | Got the Collected Works on Earthen Ignition
 15032 | Gauntlet | Identified the +0 pair of gloves of Odiepn {Harm *Corrode
                  | rElec Slay+6}
 15297 | Gauntlet | Noticed a minotaur
 15306 | Gauntlet | Killed a minotaur
 15356 | Gauntlet | Identified the +0 robe "Vurifo Juofo" {rElec rN+}
 15415 | Lair:1   | Received a gift from Trog
 15528 | Lair:1   | Reached XP level 13. HP: 101/101 MP: 13/13
 15535 | Lair:1   | Acquired a +2 cloak of willpower
 15553 | Lair:1   | Reached skill level 5 in Evocations
 15900 | Lair:1   | Reached skill level 10 in Fighting
 17326 | Lair:3   | Noticed Gastronok
 17335 | Lair:3   | Killed Gastronok
 17572 | Lair:3   | Found a hole to the Spider Nest.
 17764 | Lair:3   | Found a staircase to the Shoals.
 17782 | Lair:3   | Received a gift from Trog
 17783 | Lair:3   | Reached skill level 1 in Throwing
 18044 | Lair:4   | Noticed Josephine
 18052 | Lair:4   | Killed Josephine
 18053 | Lair:4   | Reached XP level 14. HP: 115/115 MP: 14/14
 18087 | Lair:4   | Noticed Urug
 18102 | Lair:4   | Killed Urug
 19186 | Lair:5   | Reached skill level 21 in Polearms
 19198 | Lair:5   | Reached skill level 5 in Throwing
 19661 | D:8      | Bought a dazzling glaive for 379 gold pieces
 19661 | D:8      | Identified the +6 glaive of Rimiuhip {drain, rN+ SInv} (You
                  | bought it in a shop on level 8 of the Dungeon)
 20112 | Lair:5   | Found a runed translucent door.
 20113 | Lair:5   | Found a viscous altar of Jiyva.
 20114 | Lair:5   | Noticed an acid blob
 20115 | Lair:5   | Found a staircase to the Slime Pits.
 20225 | Lair:6   | Entered Level 6 of the Lair of Beasts
 20829 | Lair:6   | Identified the +1 leather armour "Dihomed" {MP+9}
 21301 | Lair:6   | Reached XP level 15. HP: 102/120 MP: 15/15
 21507 | Lair:6   | Found the +5 robe of Misfortune {Contam Harm *Corrode Drain
                  | *Slow EV+5}
 21947 | D:13     | Received a gift from Trog
 22076 | D:13     | Reached skill level 22 in Polearms
 22281 | D:14     | Found a bloodstained altar of Trog.
 23087 | D:14     | Found a runed translucent door.
 23087 | D:14     | Noticed Maimakterion's ghost (journeyman DrBe)
 23109 | D:14     | Killed Maimakterion's ghost
 23412 | D:14     | Found a gate to the Vaults.
 23415 | D:14     | Received a gift from Trog
 23747 | D:15     | Entered Level 15 of the Dungeon
 24477 | D:15     | Found a staircase to the Depths.
 24702 | D:15     | Found a sacrificial altar of Ru.
 25057 | D:15     | Reached XP level 16. HP: 127/127 MP: 16/16
 25146 | D:15     | Reached skill level 23 in Polearms
 25195 | D:15     | Noticed Agnes
 25199 | D:15     | Killed Agnes
 25199 | D:15     | Received a gift from Trog
 25252 | D:15     | Found a portal to a secret trove of treasure.
 25321 | D:15     | Noticed Rupert
 25325 | D:15     | Killed Rupert
 25326 | D:15     | Reached skill level 10 in Throwing
 25607 | Orc:1    | Entered Level 1 of the Orcish Mines
 25801 | Orc:2    | Entered Level 2 of the Orcish Mines
 25942 | Orc:1    | Found a transporter.
 25943 | Orc:1    | Noticed Spaninq's ghost (journeyman DrMo)
 26094 | Orc:1    | Found a transporter.
 26442 | Orc:2    | Found Zeonof's Jewellery Shoppe.
 26442 | Orc:2    | Found Ycoqu's Antique Armour Shoppe.
 26442 | Orc:2    | Found Fiocumn's Armour Emporium.
 26442 | Orc:2    | Found Dips's Armour Shoppe.
 26450 | Orc:2    | Found a staircase to the Elven Halls.
 26541 | Orc:2    | Received a gift from Trog
 26577 | Orc:2    | Gained mutation: Armour fits poorly on your strangely
                  | shaped body. [a neqoxec]
 26836 | Orc:2    | Found Hisiamyq's Assorted Antiques.
 27387 | Orc:2    | Reached ****** piety under Trog
 27985 | Orc:2    | Bought the +10 plate armour of Himpole {Str+3 Slay+3} for
                  | 1186 gold pieces
 28158 | D:8      | Bought a pair of embroidered boots for 180 gold pieces
 28158 | D:8      | Bought a glowing scarf for 192 gold pieces
 28339 | Spider:1 | Entered Level 1 of the Spider Nest
 28359 | Spider:1 | Received a gift from Trog
 28818 | Spider:1 | Identified the +1 chain mail "Roed" {Harm rC- Dex+6}
 29096 | Spider:1 | Received a gift from Trog
 29435 | Spider:2 | Reached skill level 5 in Armour
 29481 | Spider:2 | Reached skill level 24 in Polearms
 29605 | Spider:2 | Reached XP level 17. HP: 97/133 MP: 17/17
 29752 | Spider:2 | Noticed Efeguoh's ghost (adept SpEn)
 29753 | Spider:2 | Found a transporter.
 29846 | Spider:2 | Received a gift from Trog
 29997 | Spider:2 | Found a transporter.
 30227 | Spider:2 | Killed Efeguoh's ghost
 30236 | Spider:2 | Identified the ring of Pachuyr {Wiz rPois Str+8 Dex-4}
 30942 | Spider:3 | Noticed Bai Suzhen
 30957 | Spider:3 | Killed Bai Suzhen
 31191 | Spider:3 | Received a gift from Trog
 31557 | Spider:4 | Entered Level 4 of the Spider Nest
 31644 | Spider:4 | Acquired 499 gold pieces
 31730 | Spider:4 | Reached skill level 25 in Polearms
 32199 | Spider:4 | Received a gift from Trog
 32560 | Spider:4 | Reached XP level 18. HP: 100/140 MP: 3/18
 32894 | Spider:4 | Noticed Arachne
 32905 | Spider:4 | Killed Arachne
 33147 | Spider:4 | Reached skill level 26 in Polearms
 33491 | Spider:4 | Got a gossamer rune of Zot
 33823 | Shoals:1 | Entered Level 1 of the Shoals
 33999 | Shoals:1 | Identified the +14 dire flail of Estrinad {antimagic, rElec
                  | rCorr} (Trog gifted it to you on level 1 of the Shoals)
 33999 | Shoals:1 | Received a gift from Trog
 36190 | Shoals:3 | Received a gift from Trog
 36207 | Shoals:3 | Noticed Nikola
 36219 | Shoals:3 | Killed Nikola
 36293 | Shoals:3 | Found a frozen archway.
 36449 | IceCv    | Entered an ice cave
 36772 | IceCv    | Reached skill level 10 in Armour
 37084 | IceCv    | Received a gift from Trog
 37364 | IceCv    | Reached XP level 19. HP: 149/149 MP: 6/19
 38004 | Orc:2    | Bought the ring "Umohat" {rPois AC+4 Str+3 SInv} for 980
                  | gold pieces
 38440 | Shoals:3 | Found Namur's Book Boutique.
 39138 | Shoals:4 | Entered Level 4 of the Shoals
 39524 | Shoals:4 | Received a gift from Trog
 39822 | Shoals:4 | Got a barnacled rune of Zot
 40239 | Shoals:4 | Identified the +9 hand axe "Ciraowea" {vamp, *Corrode rElec
                  | rC+ Will+}
 40856 | Vaults:1 | Entered Level 1 of the Vaults
 41259 | Vaults:1 | Received a gift from Trog
 41434 | Vaults:1 | Killed from afar by an ironbound frostheart

Illustrated notes

Levels and vault maps discovered:
D:1:      dpeg_arrival_water_temple_mockup, layout_basic, serial_shops,
          nicolae_shop_waterfront, minivault_27, hex_medium
D:2:      layout_loops_corners
D:3:      layout_loops_corners, shapermc_ecumenical_altar_hornbeckon,
          grunt_ministairs_2, uniq_jessica
D:4:      layout_basic, nicolae_dithmenos_shadow_blocks
D:5:      layout_basic, temple_statues
D:6:      layout_rooms, minmay_manual_monstrance
D:7:      layout_cave_pods, ebering_dispersal_statue_hall, st_stairs_6
D:8:      layout_cave_pools, serial_ice, serial_ice_d, serial_ice_k,
          serial_ice_e, serial_ice_g, serial_ice_b, serial_ice_o, serial_shops,
          shop_statue, nicolae_lakefront_shop, kennysheep_mini_moat,
          nicolae_diamond_shop
D:9:      layout_roguey, erik_orc_2
D:10:     layout_basic, enter_bailey_2, uniq_erica
D:11:     layout_loops_ring, grunt_lair_entry_orc_guard_hut
D:12:     layout_rooms
D:13:     layout_rooms
D:14:     layout_basic, grunt_vaults_entry_tiered, bloody_trog,
          hellmonk_ghost_happy_afterlife
D:15:     gammafunk_enter_depths_forms, layout_stronghold,
          nicolae_trove_entry_crystal, minmay_misc_feat_chi,
          nicolae_ru_awakened_eye, uniq_rupert, uniq_agnes
Lair:1:   layout_regular_city, gauntlet_entry_generic, serial_rivers,
          chequers_serial_rivers_room_a, chequers_serial_rivers_micro_c,
          chequers_serial_rivers_marsh, chequers_serial_rivers_room_a,
          chequers_serial_rivers_room_a, grunt_megastairs_4,
          minmay_lair_oklob_chamber
Lair:2:   layout_loops_ring, guppyfry_lair_drakes, lemuel_fruit_tree
Lair:3:   layout_concentric_octagons, minmay_shoals_entry_hut,
          dummy_spider_entry, uniq_gastronok
Lair:4:   layout_concentric_octagons, dpeg_oklob_1, uniq_josephine, uniq_urug
Lair:5:   layout_regular_city, slime_altar_2, lemuel_fruit_fields,
          grunt_megastairs_3, serial_bayou_shore_b
Lair:6:   evilmike_catoblepas_cave, layout_layer_cave, serial_rivers,
          chequers_serial_rivers_large_b, chequers_serial_rivers_micro_e,
          chequers_serial_rivers_large_a, chequers_serial_rivers_small_3,
          chequers_serial_rivers_small_b, st_stairs_7
Shoals:1: layout_shoals
Shoals:2: layout_shoals, st_shoals_ruin
Shoals:3: layout_shoals, portal_ice_cave_entry_pillars_four,
          nicolae_shoals_c_island, uniq_nikola
Shoals:4: shoals_end_grunt_garden, layout_shoals
Spider:1: layout_spider_delve, nicolae_spider_webs_and_nodes
Spider:2: layout_spider_delve, gammafunk_ghost_arena
Spider:3: layout_spider_delve, nicolae_spider_swamp_cousins, uniq_bai_suzhen
Spider:4: johnstein_spider_rune_arachne_lair
Orc:1:    layout_diamond_mine, gammafunk_ghost_stat_death
Orc:2:    st_orc_pillars, layout_diamond_mine, serial_shops, nicolae_shop_trees,
          mines5_lemuel
Vaults:1: ebering_vaults_ghost_gozag, vaults_room_pools, hangedman_vaults_trim,
          vaults_room_door_ring, nicolae_vaults_network_star,
          grunt_vaults_diagonal, nicolae_vaults_big_angled_halls,
          hangedman_vaults_trim, vaults_dpeg_doors, nicolae_vaults_puzzle_piece,
          serial_ice_h, v_alt_pattern_2, v_misc_1, vaults_room_large_hall,
          layout_vaults_omnibox

Skill      XL: |  1  2  3  4  5  6  7  8  9 10 11 12 13 14 15 16 17 18 19 |
---------------+----------------------------------------------------------+-----
Dodging        | 3 4 5 7 9 11 15 17 19 20 21 | 21.1
Polearms       | 5 6 8 9 11 14 17 19 20 21 22 24 25 26 | 26.0
Armour         | 2 3 4 5 8 10 11 | 11.1
Fighting       | 4 5 6 9 12 13 14 | 14.0
Evocations     | 4 6 7 8 |  8.0
Throwing       | 2 7 9 11 12 | 12.9

Action                   |  1- 3 |  4- 6 |  7- 9 | 10-12 | 13-15 | 16-18 | 19-21 || total
-------------------------+-------+-------+-------+-------+-------+-------+-------++-------
Melee: Spear             |   156 |    77 |       |       |       |       |       ||   233
       Tailslap          |     1 |       |       |     1 |     2 |     2 |    10 ||    16
       Halberd           |       |    49 |   228 |   326 |       |       |       ||   603
       Glaive            |       |       |       |   392 |   627 |   449 |       ||  1468
       Trident           |       |       |       |    10 |    14 |       |       ||    24
       Bardiche          |       |       |       |     6 |       |   509 |   250 ||   765
Throw: Stone             |     4 |       |       |       |       |       |       ||     4
       Dart              |       |       |       |     1 |     1 |       |       ||     2
       Boomerang         |       |       |       |       |       |   387 |     5 ||   392
       Javelin           |       |       |       |       |       |     6 |     2 ||     8
Invok: Berserk           |     2 |     5 |     7 |    20 |    16 |     7 |       ||    57
       Trog's Hand       |       |       |     1 |     2 |     1 |     6 |     1 ||    11
       Brothers in Arms  |       |       |       |     3 |     2 |     5 |     1 ||    11
Evoke: Lightning rod     |       |       |       |       |       |     1 |       ||     1
  Use: Scroll            |       |       |    15 |    16 |     4 |     7 |     1 ||    43
       Potion            |       |       |       |     4 |     1 |     4 |       ||     9
 Stab: Sleeping          |     3 |     2 |       |     1 |    10 |       |       ||    16
       Invisible         |       |       |       |     1 |       |       |       ||     1
       Distracted        |       |       |       |       |     1 |     4 |       ||     5
       Petrifying        |       |       |       |       |     1 |       |       ||     1
       Petrified         |       |       |       |       |     1 |       |       ||     1
Armor: Animal skin       |    17 |       |       |       |       |       |       ||    17
       Chain mail        |     6 |    32 |    44 |       |       |       |       ||    82
       Leather armour    |       |     1 |     6 |       |       |       |       ||     7
       Ring mail         |       |       |    17 |   166 |    73 |    10 |       ||   266
       Acid dragon scale |       |       |       |     9 |       |       |       ||     9
       Plate armour      |       |       |       |       |       |   330 |    86 ||   416
Dodge: Dodged            |    54 |    46 |    95 |   532 |   365 |   768 |   212 ||  2072

Table legend: (Time is in decaauts)
 A = Elapsed time spent in this place.
 B = Non-inter-level travel time spent in this place.
 C = Inter-level travel time spent in this place.
 D = Time resting spent in this place.
 E = Time spent auto-exploring this place.
 F = Levels seen in this place.
 G = Mean time per level.
                   A        B        C        D        E       F      G
               +--------+--------+--------+--------+--------+-----+--------+
         Total |  40196 |  35853 |   4343 |   6470 |  22561 |  35 | 1148.5 |
       Dungeon |  17925 |  16138 |   1787 |   3228 |  10352 |  15 | 1195.0 |
          Lair |   6925 |   5696 |   1229 |    767 |   3901 |   6 | 1154.2 |
        Shoals |   3848 |   3381 |    467 |    383 |   2326 |   4 |  962.0 |
   Spider Nest |   5171 |   4669 |    502 |    395 |   3274 |   4 | 1292.8 |
  Orcish Mines |   2581 |   2226 |    355 |    301 |   1256 |   2 | 1290.5 |
        Vaults |    564 |    564 |      0 |     34 |    458 |   1 |  564.0 |
        Bailey |    822 |    822 |      0 |    115 |    400 |   1 |  822.0 |
      Ice Cave |   1188 |   1188 |      0 |    494 |    418 |   1 | 1188.0 |
      Gauntlet |   1168 |   1168 |      0 |    751 |    173 |   1 | 1168.0 |
               +--------+--------+--------+--------+--------+-----+--------+

Top non-repeatable levels by time:
Spider:4: 2103 daAuts
   Orc:2: 2039 daAuts
    D:11: 1569 daAuts
  Lair:1: 1538 daAuts
    D:15: 1528 daAuts
     D:1: 1401 daAuts
     D:3: 1399 daAuts
  Lair:6: 1388 daAuts
    D:10: 1259 daAuts
     D:9: 1240 daAuts
  Lair:4: 1240 daAuts
Shoals:3: 1195 daAuts
   IceCv: 1188 daAuts
     D:5: 1187 daAuts
    D:14: 1180 daAuts
